 Dungeon Crawl Stone Soup version 0.21.1-1-g345015f (webtiles) character file.

33 inc the Changer (level 3, 0/23 HPs)
             Began as an Octopode Transmuter on June 10, 2018.
             Slain by Natasha (8 damage)
             ... on level 3 of the Dungeon.
             The game lasted 00:01:17 (1044 turns).

inc the Changer (Octopode Transmuter)               Turns: 1044, Time: 00:01:18

Health: 0/23       AC:  1    Str:  9    XL:     3   Next: 29%
Magic:  5/6        EV: 13    Int: 16    God:
Gold:   58         SH:  0    Dex: 12    Spells: 5/6 levels left

rFire    . . .     SeeInvis .     - Unarmed
rCold    . . .     Gourm    .   (no shield)
rNeg     . . .     Faith    .   (helmet restricted)
rPois    .         Spirit   .   (no amulet)
rElec    .         Reflect  .   (no ring)
rCorr    .         Harm     .   (no ring)
MR       .....                  (no ring)
Stlth    ++........             (no ring)
HPRegen  0.07/turn              (no ring)
MPRegen  0.10/turn              (no ring)
                                (no ring)
                                (no ring)

@: appendage, slowed, very slow
A: almost no armour, stealthy swim, amphibious, 8 rings, constrict 8, tentacle
spike 3, camouflage 1, gelatinous body 1
a: End Transformation


You were on level 3 of the Dungeon.
You were not hungry.
One of your tentacles had a temporary spike.
You visited 1 branch of the dungeon, and saw 3 of its levels.

You collected 58 gold pieces.

Inventory:

Missiles
 a - 12 arrows
Scrolls
 d - 3 scrolls of identify {unknown}
 e - a scroll of remove curse {unknown}
 f - a scroll of blinking {unknown}
 g - 2 scrolls of teleportation {unknown}
 h - a scroll of immolation {unknown}
Potions
 i - 2 potions of ambrosia {unknown}
 j - a potion of degeneration {unknown}
Books
 b - a book of Changes

   Spells                             Type                      Level
   a - Beastly Appendage              Transmutation                1
   b - Sticks to Snakes               Transmutation                2
   c - Spider Form                    Transmutation/Poison         3
   d - Ice Form                       Ice/Transmutation            4
   e - Blade Hands                    Transmutation                5
Comestibles
 c - 4 rations


   Skills:
 - Level 1.0 Fighting
 - Level 2.0 Dodging
 - Level 3.0 Unarmed Combat
 - Level 2.0 Spellcasting
 + Level 3.6 Transmutations


You had 5 spell levels left.
You knew the following spells:

 Your Spells              Type           Power        Failure   Level  Hunger
a - Beastly Appendage     Tmut           ##....       4%          1    #......


Dungeon Overview and Level Annotations

Branches:
Dungeon (3/15)

Altars:
Dithmenos

Annotations:
D:3 Natasha


Innate Abilities, Weirdness & Mutations

You cannot wear most types of armour.
You are very stealthy in the water. (Stealth+)
You are amphibious.
You can wear up to eight rings at the same time.
You can use your tentacles to constrict eight enemies at once.
Your skin changes colour to match your surroundings (Stealth+).
Your rubbery body absorbs attacks. (AC +1, EV +1)
One of your tentacles bears a large vicious spike.


Message History

Found a ring mail.
Found a stone staircase leading up.
An adder comes into view.
Natasha, Servant of Life and Death comes into view.
Natasha hisses angrily.
The adder moves out of view.
Found a ration.
Natasha casts a spell at you.
You feel yourself slow down.
Casting: Beastly Appendage
Confirm with . or Enter, or press ? or * to list all spells.
One of your tentacles grows a vicious spike.
You tentacle-slap Natasha. Your grab misses Natasha.
Natasha is lightly wounded.
Natasha casts a spell at you. The magic dart hits you!
You closely miss Natasha. Your grab misses Natasha.
Natasha is lightly wounded.
Natasha claws you. Natasha claws you!
You die...

....# ...# ..#
#######.########
.........<......
....[.....#
###.##.#.#
#.##h#.#
##.##@#.#
########...#.#.#
#........#...#.#
##.######...###.%
## #..........##
##
.###..#########
......# .###.##
.# #.#


You could see Natasha.

Vanquished Creatures
  A gnoll (D:1)
  A worm (D:3)
  A dart slug (D:2)
  2 leopard geckos
  A giant cockroach (D:2)
  2 goblins
  3 jackals (D:1)
  2 bats
  A frilled lizard (D:1)
  2 kobolds (D:1)
  2 rats
18 creatures vanquished.

Notes
Turn   | Place    | Note
-------+----------+-------------------------------------------
     0 | D:1      | inc the Octopode Transmuter began the quest for the Orb.
     0 | D:1      | Reached XP level 1. HP: 13/13 MP: 3/3
    84 | D:1      | Reached XP level 2. HP: 10/18 MP: 5/5
   679 | D:2      | Reached XP level 3. HP: 23/23 MP: 6/6
   710 | D:2      | Found a shadowy altar of Dithmenos.
  1038 | D:3      | Noticed Natasha
  1044 | D:3      | Slain by Natasha

Skill      XL: |  1  2 |
---------------+-------+-----
Transmutations | 3 |  3.6
Fighting       | |  1.0
Dodging        | |  2.0
Unarmed Combat | |  3.0
Spellcasting   | |  2.0

Action                   || total
-------------------------++-------
Melee: Unarmed           ||    45
       Constrict         ||    10
       Tentacles         ||     8
 Cast: Beastly Appendage ||     1
 Stab: Sleeping          ||     3
Armor: Skin              ||     4
Dodge: Dodged            ||    21
